 Dungeon Crawl Stone Soup version 0.18.1-5-g4a78601 (console) character file.

1671 MenacingMecha the Nimble (level 8, -4/37 HPs)
             Began as a Felid Wanderer on May 12, 2016.
             Slain by a wolf (6 damage)
             ... led by Grum
             ... on level 7 of the Dungeon.
             The game lasted 00:42:06 (8651 turns).

MenacingMecha the Nimble (Felid Wanderer)           Turns: 8651, Time: 00:42:06

Health: -4/37      AC:  2    Str:  9    XL:     8   Next: 70%
Magic:  8/10       EV: 24    Int: 12    God:
Gold:   335        SH:  0    Dex: 18    Spells: 3 memorised, 1 level left
                                        Lives:  0   Deaths: 2

rFire  + . .     SeeInvis +       - Unarmed
rCold  . . .     Gourm    .     (armour unavailable)
rNeg   . . .     Faith    .     (shield unavailable)
rPois  .         Spirit   .     (helmet unavailable)
rElec  .         Dismiss  .     (cloak unavailable)
rCorr  .         Reflect  .     (gloves unavailable)
SustAt .         Harm     .     (boots unavailable)
MR     +....                    e - amulet of magic regeneration
Stlth  ++++......               (no ring)
                                l - ring of protection from fire (curse)

@: appendage (expiring), very slightly contaminated, quick, somewhat resistant
to hostile enchantments, stealthy
A: no armour, no weapons or thrown items, claws 1, fangs 3, horns 2, see
invisible, carnivore 3, speed 1, shaggy fur 2, slow metabolism 1, sharp paws
a: End Transformation


You were on level 7 of the Dungeon.
You were completely stuffed.
You had grown temporary horns.
You visited 2 branches of the dungeon, and saw 9 of its levels.
You also visited: Sewer.

You collected 335 gold pieces.

Inventory:

Missiles
 E - 4 arrows
Jewellery
 e - an amulet of magic regeneration (around neck)
 l - a cursed ring of protection from fire (left paw)
Wands
 u - a wand of digging (18/24)
 v - a wand of slowing (18/48)
 w - a wand of teleportation (6/9)
 y - a wand of iceblast (4/15)
 B - a wand of digging (15/24)
 C - a wand of iceblast (5/15)
Scrolls
 c - 6 scrolls of teleportation
 f - 2 scrolls of fear {unknown}
 g - 6 scrolls of remove curse {unknown}
 h - 2 scrolls of enchant weapon {unknown}
 i - 9 scrolls of identify {unknown}
 n - 2 scrolls of recharging {unknown}
 q - 3 scrolls of magic mapping {unknown}
 x - a scroll of random uselessness {unknown}
Potions
 a - a potion of heal wounds
 b - a potion of berserk rage
 j - 3 potions of flight {unknown}
 k - 2 potions of mutation {unknown}
 o - 3 potions of agility {unknown}
 r - 4 potions of curing {unknown}
 s - a potion of haste {unknown}
 t - a potion of degeneration {unknown}
 z - a potion of beneficial mutation {unknown}
Books
 m - a book of Envenomations

   Spells                             Type                      Level
   a - Spider Form                    Transmutation/Poison         3
   b - Olgreb's Toxic Radiance        Poison                       4
   c - Alistair's Intoxication        Transmutation/Poison         5
   d - Poisonous Cloud                Conjuration/Poison/Air       6
 A - a book of Changes

   Spells                             Type                      Level
   a - Beastly Appendage              Transmutation                1
   b - Sticks to Snakes               Transmutation                2
   c - Spider Form                    Transmutation/Poison         3
   d - Ice Form                       Ice/Transmutation            4
   e - Blade Hands                    Transmutation                5
Comestibles
 d - 3 meat rations
 p - a beef jerky
 D - 3 chunks of flesh


   Skills:
 - Level 5.1 Fighting
 - Level 8.2 Dodging
 - Level 5.1 Stealth
 - Level 8.1 Unarmed Combat
 - Level 5.0 Transmutations
 + Level 1.5 Poison Magic
 - Level 2.1 Evocations


You had one spell level left.
You knew the following spells:

 Your Spells              Type           Power        Failure   Level  Hunger
a - Beastly Appendage     Trmt           ##....       4%          1    ##.....
b - Sticks to Snakes      Trmt           ##......     8%          2    ###....
c - Spider Form           Trmt/Pois      #.........   30%         3    ####...


Dungeon Overview and Level Annotations

Branches:
Dungeon (8/15)             Temple (1/1) D:7
   Lair: D:8-11

Altars:
Cheibriados
Dithmenos
Elyvilon
Fedhas
Gozag
Kikubaaqudgha
Makhleb
Nemelex Xobeh
Qazlal
Ru
Sif Muna
Vehumet
Xom
Zin
The Shining One

Annotations:
D:4 Sigmund; murphy's ghost, novice TrWr
D:6 orc warrior, Grinder; Herrn's ghost, novice FoFi
D:8 Grum


Innate Abilities, Weirdness & Mutations

You cannot wear armour.
You are incapable of wielding weapons or throwing items.
You have sharp claws.
You have razor-sharp teeth.
You have supernaturally acute eyesight.
You are carnivorous and can eat meat at any time.
You cover ground quickly.
You are covered in thick fur (AC +2).
You have a slow metabolism.
Your sharp claws are effective at attacking unaware monsters.
You have a pair of horns on your head.


Message History

You barely miss the wolf. The wolf bites you!
You scratch the wolf but do no damage. Your headbutt misses the wolf.
The wolf bites you! The wolf bites you.
You claw the wolf!
The wolf is heavily wounded.
The wolf misses you.
You scratch the wolf but do no damage. Your bite misses the wolf.
The wolf is heavily wounded.
The wolf bites you.
You claw the wolf!
The wolf is almost dead.
The wolf misses you. The wolf bites you!
* * * LOW HITPOINT WARNING * * *
Casting: Beastly Appendage
Confirm with . or Enter, or press ? or * to list all spells.
You miscast Sticks to Snakes.
You are very lightly contaminated with residual magic.
Your hair momentarily turns into snakes!
The wolf bites you.
You die...

########### #..........
#.######### ##.##
##############...##
#.....h@......#.#.#######
#.#########.............# #.#
#...#.#.#####.# ###.#
#####..#...### #.#
#...#####............# #..
###...#..........##.##.## ###
#.......#>.......##.#...#
###...)....[[.........#...###
#..................##.......###


You could see a wolf.

Vanquished Creatures
  A hippogriff (D:7)
  A steam dragon (D:7)
  An ice beast (D:8)
  A slave (D:7)
  2 ogres (D:6)
  2 phantoms (D:6)
  A wolf (D:7)
  A centaur (D:7)
  A crocodile (D:8)
  2 giant frogs
  2 scorpions
  4 crimson imps
  A centaur zombie (D:7)
  2 hounds (D:7)
  2 jellies (D:5)
  An orc priest (D:7)
  6 orc wizards (D:7)
  A centaur skeleton (D:7)
  2 iguanas
  5 worker ants
  A sheep (D:8)
  9 adders
  A river rat (D:4)
  4 shadow imps
  3 oozes
  4 worms
  5 dart slugs
  6 giant geckos
  11 orcs
  7 bats
  6 giant cockroaches
  8 goblins
  3 hobgoblins
  7 jackals
  9 kobolds
  A quokka (D:8)
  5 ball pythons
  5 giant newts
  A quokka zombie (D:7)
  13 rats
148 creatures vanquished.

Vanquished Creatures (collateral kills)
  A slave (D:7)
1 creature vanquished.

Grand Total: 149 creatures vanquished

Notes
Turn   | Place    | Note
--------------------------------------------------------------
     0 | D:1      | MenacingMecha the Felid Wanderer began the quest for the Orb.
     0 | D:1      | MenacingMecha set off with: a potion of heal wounds, a potion of berserk rage, 2 scrolls of teleportation, a meat ration
     0 | D:1      | Reached XP level 1. HP: 9/9 MP: 3/3
    40 | D:1      | Reached skill level 1 in Stealth
    57 | D:1      | Reached XP level 2. HP: 11/12 MP: 4/4
  1041 | D:1      | Reached XP level 3. HP: 9/15 MP: 5/5
  1824 | D:2      | Reached XP level 4. HP: 15/19 MP: 6/6
  2281 | D:2      | Found a sparkling altar of Nemelex Xobeh.
  2378 | D:2      | Found a glowing golden altar of the Shining One.
  2379 | D:2      | Found a white marble altar of Elyvilon.
  2380 | D:2      | Found a glowing silver altar of Zin.
  2414 | D:2      | Found a shimmering altar of Xom.
  3372 | D:4      | Found a glowing drain.
  3379 | D:4      | Reached XP level 5. HP: 22/22 MP: 7/7
  3409 | Sewer    | Entered a sewer
  3467 | Sewer    | Noticed Purgy
  3576 | D:4      | Noticed Sigmund
  3576 | D:4      | Noticed murphy's ghost (novice TrWr)
  3718 | D:4      | Noticed a phantom
  3893 | D:4      | Noticed a phantom
  3899 | D:5      | Entered Level 5 of the Dungeon
  3900 | D:5      | Reached skill level 5 in Stealth
  4192 | D:5      | Gained mutation: You are covered in thick fur (AC +2). [Felid growth]
  4192 | D:5      | Reached XP level 6. HP: 27/27 MP: 8/8
  4838 | D:6      | Noticed Herrn's ghost (novice FoFi)
  4966 | D:6      | Reached XP level 7. HP: 31/31 MP: 9/9
  5523 | D:6      | Noticed Grinder
  5531 | D:6      | Killed from afar by Grinder
  5532 | D:6      | Reached XP level 6. HP: 0/28 MP: 8/8
  5554 | D:6      | Slain by a giant frog
  5555 | D:6      | Reached XP level 5. HP: -4/24 MP: 7/7
  5637 | D:6      | Noticed an ogre
  5732 | D:6      | Killed an ogre
  5732 | D:6      | Reached XP level 6. HP: 28/28 MP: 8/8
  5862 | D:6      | Reached skill level 5 in Dodging
  5934 | D:6      | Reached XP level 7. HP: 17/31 MP: 9/9
  6859 | D:7      | Learned a level 1 spell: Beastly Appendage
  6862 | D:7      | Learned a level 2 spell: Sticks to Snakes
  6877 | D:7      | Reached skill level 5 in Fighting
  6998 | D:7      | Found a staircase to the Ecumenical Temple.
  7004 | Temple   | Entered the Ecumenical Temple
  7105 | D:7      | Found a blossoming altar of Fedhas.
  7155 | D:7      | Reached skill level 1 in Transmutations
  7347 | D:7      | Found a stormy altar of Qazlal.
  7374 | D:7      | Reached XP level 8. HP: 37/37 MP: 10/10
  7659 | D:7      | Found a burning altar of Makhleb.
  7707 | D:7      | Reached skill level 5 in Transmutations
  7864 | D:7      | Learned a level 3 spell: Spider Form
  8190 | D:8      | Noticed Grum
  8486 | D:8      | Reached skill level 1 in Poison Magic
  8651 | D:7      | Slain by a wolf

Skill      XL: |  1  2  3  4  5  6  7  8 |
---------------+-------------------------+-----
Stealth        | 2 4 5 |  5.1
Dodging        | 3 4 6 8 |  8.2
Fighting       | 2 3 5 |  5.1
Unarmed Combat | 8 7 |  8.1
Transmutations | 3 5 |  5.0
Poison Magic   | 1 |  1.5
Evocations     | |  2.1

Action                   |  1- 3 |  4- 6 |  7- 9 || total
-------------------------+-------+-------+-------++-------
Melee: Unarmed           |   119 |   171 |   200 ||   490
       Bite              |    10 |    10 |    18 ||    38
       Punch             |     4 |     7 |     7 ||    18
       Headbutt          |       |       |    13 ||    13
 Cast: Beastly Appendage |       |       |    15 ||    15
       Sticks to Snakes  |       |       |     6 ||     6
Evoke: Wand              |       |       |     1 ||     1
 Stab: Sleeping          |     5 |    20 |     9 ||    34
       Distracted        |       |     1 |     1 ||     2
  Eat: Chunk             |     9 |    12 |     8 ||    29
Armor: Skin              |     4 |     6 |     7 ||    17
Dodge: Dodged            |   100 |   111 |   161 ||   372
